 Dungeon Crawl Stone Soup version 0.25.1-8-g42b30a86e7 (webtiles) character file.

Game seed: 12508002872154615488

2778 Cykl0x the Covered (level 10, -9/76 HPs)
             Began as a Formicid Fighter on Dec 27, 2020.
             Was an Initiate of the Shining One.
             Mangled by a hog (10 damage)
             ... on level 7 of the Dungeon.
             The game lasted 00:17:39 (7615 turns).

Cykl0x the Covered (Formicid Fighter)               Turns: 7615, Time: 00:17:39

Health: -9/76      AC:  6    Str: 29    XL:     10   Next: 1%
Magic:  12/12      EV:  8    Int:  9    God:    the Shining One [......]
Gold:   265        SH: 11    Dex: 10    Spells: 9/9 levels left

rFire    + . .     SeeInvis +   a - +0 long sword
rCold    . . .     Gourm    .   c - +0 kite shield
rNeg     . . .     Faith    .   o - +0 chain mail
rPois    .         Spirit   .   (helmet unavailable)
rElec    .         Reflect  .   (no cloak)
rCorr    .         Harm     .   (no gloves)
MR       ++++.                  (no boots)
Stlth    ..........             (no amulet)
HPRegen  0.22/turn              k - +6 ring of strength
MPRegen  0.13/turn              t - ring of protection from magic

@: glowing
A: permanent stasis, dig shafts and tunnels, four strong arms, antennae 3,
deformed body, fire resistance 1, magic resistance 2
a: Dig, Shaft Self, Renounce Religion


You were on level 7 of the Dungeon.
You worshipped the Shining One.
The Shining One was noncommittal.
You were hungry.

You visited 2 branches of the dungeon, and saw 8 of its levels.

You collected 265 gold pieces.

Inventory:

Hand Weapons
 a - a +0 long sword (weapon)
 h - a +0 fustibalus
 l - a +2 dagger of flaming
Missiles
 i - 249 stones
 q - 6 boomerangs (quivered)
 s - 56 sling bullets
Armour
 b - a +0 scale mail
 c - a +0 kite shield (worn)
 o - a +0 chain mail (worn)
Jewellery
 k - a +6 ring of strength (left hand)
 t - a ring of protection from magic (right hand)
Wands
 p - a wand of acid (3)
Scrolls
 e - 2 scrolls of immolation
 j - 2 scrolls of remove curse
Potions
 d - 2 potions of might
 m - 2 potions of stabbing
Comestibles
 f - 9 rations


   Skills:
 + Level 6.1 Fighting
 + Level 6.7 Long Blades
 + Level 6.5 Slings
 + Level 0.4(3.6) Throwing
 + Level 6.8 Armour
 + Level 1.9 Dodging
 + Level 6.6 Shields
 * Level 3.2 Invocations


You had 9 spell levels left.
You didn't know any spells.
Your spell library was empty.

Dungeon Overview and Level Annotations

Branches:
Dungeon (7/15)             Temple (1/1) D:6

Altars:
Dithmenos
Elyvilon
Fedhas
Gozag
Hepliaklqana
Kikubaaqudgha
Makhleb
Okawaru
Qazlal
Ru
Trog
Wu Jian
Xom
Zin
The Shining One


Innate Abilities, Weirdness & Mutations

You cannot be hasted, slowed, berserked, paralysed or teleported.
You can dig through walls and to a lower floor.
Your four strong arms can wield two-handed weapons with a shield.
You have a pair of large antennae on your head. (SInv)
Armour fits poorly on your strangely shaped body.
Your flesh is heat resistant. (rF+)
You are highly resistant to hostile enchantments. (MR++)


Message History

You closely miss the hog.
The hog is severely wounded.
The hog bites you but does no damage. You block the hog's attack.
You slash the hog!
The hog is almost dead.
You block the hog's attack.
You hit the hog.
You kill the hog!
You have reached level 10!
The hog bites you!
* * * LOW HITPOINT WARNING * * *
You closely miss the hog. The hog bites you but does no damage.
You closely miss the hog. The hog bites you but does no damage.
You hit the hog but do no damage. The hog bites you but does no damage.
The hog bites you!
* * * LOW HITPOINT WARNING * * *
You slice the hog!!
The hog is severely wounded.
The hog bites you!
You die...

####### ###.#
#########%%#..####...###
##########.......#%.#..#.........
.........'.......#(.'..#......###
......####.......#..#..#......#
......# #########..# #......#
......# ##'#####...#### #####.#
##h..#......# #.# #@#{##......#
#.# ###.........# #.# ####......#
#.# ###.#### #.# #.# #.# #.#
##.####### #.# #........# #.#
#.......... ..#


You could see a hog.

Vanquished Creatures
  3 hogs (D:7)
  Eustachio (D:6)
  2 hungry ghosts (D:7)
  Edmund (D:5)
  An ice beast (D:6)
  A sky beast (D:7)
  A phantom (D:6)
  An eye of draining (D:4)
  2 ogres (D:4)
  2 centaurs
  2 bullfrogs (D:7)
  2 scorpions
  3 crimson imps
  4 hounds
  A bullfrog zombie (D:5)
  2 orc priests (D:4)
  Ijyb (D:5)
  An orc wizard (D:4)
  Terence (D:3)
  4 iguanas
  4 worker ants
  A hound skeleton (D:7)
  A mummy (D:4)
  A worker ant zombie (D:7)
  9 gnolls
  A howler monkey skeleton (D:6)
  11 adders
  An ooze (D:4)
  5 worms
  A dart slug (D:2)
  3 leopard geckos
  10 orcs
  2 ball pythons
  7 giant cockroaches
  13 goblins
  8 hobgoblins
  11 jackals
  7 kobolds
  A quokka (D:2)
  6 bats
  8 frilled lizards
  A hobgoblin zombie (D:4)
  A kobold zombie (D:4)
  4 rats
153 creatures vanquished.

Notes
Turn   | Place    | Note
-------+----------+-------------------------------------------
     0 | D:1      | Cykl0x the Formicid Fighter began the quest for the Orb.
     0 | D:1      | Reached XP level 1. HP: 18/18 MP: 1/1
   204 | D:1      | Reached XP level 2. HP: 23/24 MP: 2/2
   579 | D:1      | Reached XP level 3. HP: 30/30 MP: 3/3
   959 | D:2      | Reached XP level 4. HP: 37/37 MP: 4/4
  1261 | D:2      | Reached XP level 5. HP: 21/42 MP: 5/5
  1621 | D:2      | Reached skill level 1 in Slings
  1867 | D:2      | Found a bloodstained altar of Trog.
  2052 | D:3      | Noticed Terence
  2067 | D:3      | Killed Terence
  2202 | D:3      | Reached XP level 6. HP: 40/48 MP: 6/6
  2554 | D:3      | Gained mutation: Armour fits poorly on your strangely
                  | shaped body. [potion of mutation]
  2554 | D:3      | Gained mutation: Your flesh is heat resistant. (rF+)
                  | [potion of mutation]
  2554 | D:3      | Gained mutation: Your system is resistant to poisons.
                  | (rPois) [potion of mutation]
  2555 | D:3      | Lost mutation: Your system is resistant to poisons. (rPois)
                  | [potion of mutation]
  2555 | D:3      | Gained mutation: You are resistant to hostile enchantments.
                  | (MR+) [potion of mutation]
  2555 | D:3      | Gained mutation: You are highly resistant to hostile
                  | enchantments. (MR++) [potion of mutation]
  2723 | D:4      | Noticed an ogre
  2729 | D:4      | You fall into a shaft and drop 3 floors!
  2729 | D:7      | Noticed a hungry ghost
  2759 | D:7      | Killed a hungry ghost
  2759 | D:7      | Reached XP level 7. HP: 10/55 MP: 7/7
  2771 | D:7      | Paralysed by fainting for 8 turns
  3002 | D:7      | Reached skill level 5 in Shields
  3270 | D:6      | Noticed Eustachio
  3300 | D:6      | Killed Eustachio
  3300 | D:6      | Reached skill level 1 in Dodging
  3300 | D:6      | Reached XP level 8. HP: 34/61 MP: 8/8
  3619 | D:6      | Found an iron altar of Okawaru.
  3729 | D:6      | Reached skill level 5 in Long Blades
  3729 | D:6      | Reached skill level 5 in Armour
  3877 | D:5      | Entered Level 5 of the Dungeon
  4033 | D:4      | Reached skill level 5 in Slings
  4185 | D:4      | Reached skill level 5 in Fighting
  4784 | D:4      | Reached XP level 9. HP: 43/68 MP: 9/9
  5070 | D:4      | Found a bloodstained altar of Trog.
  5369 | D:5      | Noticed Edmund
  5380 | D:5      | Killed Edmund
  5804 | D:5      | Noticed Ijyb
  5810 | D:5      | Killed Ijyb
  6286 | D:6      | Found a staircase to the Ecumenical Temple.
  6292 | Temple   | Entered the Ecumenical Temple
  6561 | Temple   | Became a worshipper of the Shining One
  7030 | D:7      | Reached skill level 1 in Invocations
  7611 | D:7      | Reached XP level 10. HP: 16/76 MP: 12/12
  7614 | D:7      | HP: 1/76 [hog (9)]
  7615 | D:7      | Mangled by a hog

Illustrated notes

Levels and vault maps discovered:
D:1:      shiori_arrival_maze, layout_basic
D:2:      layout_basic, trog_hazing_becter
D:3:      layout_rooms, uniq_terence
D:4:      minmay_octagon_keep, layout_basic, nicolae_ossuary_entry_giza,
          first_ration, trog_eyes_of_draining
D:5:      layout_basic, uniq_ijyb, uniq_edmund
D:6:      layout_loops_cross, temple_green, basic_altar, uniq_eustachio
D:7:      layout_basic, grunt_livestock,
          hangedman_abyss_or_decor_jellyfish_corner, grunt_ministairs_12
Temple:   minmay_temple_curvy_branch

Skill      XL: |  1  2  3  4  5  6  7  8  9 |
---------------+----------------------------+-----
Shields        | 4 5 6 |  6.6
Fighting       | 4 5 6 |  6.1
Long Blades    | 3 4 5 6 |  6.7
Slings         | 2 3 4 5 6 |  6.5
Armour         | 4 5 6 |  6.8
Dodging        | 1 |  1.9
Invocations    | 3 |  3.2
Throwing       | |  0.4

Action                   |  1- 3 |  4- 6 |  7- 9 | 10-12 || total
-------------------------+-------+-------+-------+-------++-------
Melee: Long sword        |    73 |   141 |   356 |     4 ||   574
 Fire: Fustibalus        |     7 |    79 |    88 |       ||   174
Throw: Stone             |    24 |     2 |       |       ||    26
 Abil: Dig               |       |     2 |     8 |       ||    10
       Shaft Self        |       |     1 |       |       ||     1
  Use: Scroll            |     4 |     2 |     3 |       ||     9
       Potion            |       |     3 |     6 |       ||     9
  Eat: Chunk             |       |     6 |    16 |       ||    22
       Ration            |       |       |     2 |       ||     2
Armor: Scale mail        |    23 |    37 |    33 |       ||    93
       Skin              |       |     9 |       |       ||     9
       Chain mail        |       |       |    44 |     3 ||    47
Dodge: Dodged            |    19 |    59 |    81 |       ||   159
Block: Kite shield       |    27 |    89 |   166 |       ||   282
       Rpst.: Long sword |     4 |    13 |    24 |       ||    41
